Map: Lerilak Crest

Players

Drex

  • Race: Protoss Protoss

Miltreta - Winner!

  • Race: Terran Terran
  • League: Bronze

VOD

Have the link to the VOD?

Description

Time

  • Played on: March 14, 2016, 10:47 a.m.
  • Length: 14:41
Show
View Real Time Build Order
Export as new Build Order

Drex Protoss 

Build Orders:  

Get SALT Encoding   

  12  0:03  Probe (Chrono Boost)  
  13  0:18  Probe (Chrono Boost)  
  15  0:28  Probe (Chrono Boost)  
  15  0:29  Pylon  
  15  0:46  Assimilator  
  15  0:47  Probe (Chrono Boost)  
  16  0:52  Gateway  
  16  1:02  Gateway  
  16  1:08  Probe (Chrono Boost)  
  18  1:18  Probe (Chrono Boost)  
  18  1:23  Forge  
  18  1:40  Zealot (Chrono Boost)  
  20  1:51  Cybernetics Core  
  20  2:00  Zealot (Chrono Boost)  
  22  2:07  Pylon  
  22  2:19  Pylon  
  22  2:25  Zealot (Chrono Boost)  
  22  2:29  Zealot (Chrono Boost)  
  26  2:39  Photon Cannon  
  26  2:41  Photon Cannon  
  26  2:50  Photon Cannon  
  26  2:54  Zealot (Chrono Boost)  
  30  2:59  Stalker (Chrono Boost)  
  30  3:12  Assimilator  
  30  3:15  Photon Cannon  
  30  3:18  Sentry (Chrono Boost)  
  32  3:31  Warp Gate  
  32  3:39  Pylon  
  32  3:44  Probe  
  33  3:48  Protoss Ground Armor Level 1  
  33  3:56  Probe  
  33  4:01  Zealot (Chrono Boost)  
  38  4:05  Zealot (Chrono Boost)  
  38  4:25  Zealot (Chrono Boost)  
  40  4:34  Nexus  
  34  4:55  Zealot (Chrono Boost)  
  34  4:58  Zealot (Chrono Boost)  
  34  5:14  Stargate  
  34  5:18  Zealot (Chrono Boost)  
  36  5:25  Zealot (Chrono Boost)  
  38  5:36  Probe  
  38  5:42  Sentry (Chrono Boost)  
  43  5:52  Stalker (Chrono Boost)  
  33  6:13  Void Ray (Chrono Boost)  
  37  6:19  Probe  
  38  6:29  Probe  
  39  6:34  Pylon  
  39  6:40  Probe  
  40  6:48  Protoss Ground Weapons Level 1  
  40  6:50  Probe  
  40  6:51  Void Ray (Chrono Boost)  
  40  6:54  Pylon  
  45  7:05  Twilight Council  
  45  7:24  Photon Cannon  
  45  7:26  Photon Cannon  
  45  7:29  Photon Cannon  
  45  7:30  Photon Cannon  
  45  7:35  Pylon, Protoss Air Armor Level 1  
  45  7:39  Zealot  
  45  7:40  Zealot  
  49  8:05  Charge  
  49  8:14  Gateway  
  49  8:15  Zealot  
  49  8:16  Zealot  
  53  8:28  Gateway  
  53  8:36  Dark Shrine  
  53  8:56  Photon Cannon  
  53  8:59  Photon Cannon  
  53  9:25  Void Ray (Chrono Boost)  
  57  9:35  Photon Cannon  
  57  9:36  Photon Cannon  
  57  9:41  Probe  
  58  9:50  Assimilator  
  58  9:51  Probe  
  58  9:53  Dark Templar  
  58  9:54  Dark Templar  
  63  10:13  Protoss Air Weapons Level 1  
  35  10:41  Zealot  
  35  10:42  Zealot  
  39  10:43  Zealot  
  39  10:46  Void Ray (Chrono Boost)  
  45  10:57  Gateway  
  45  11:20  Photon Cannon  
  45  11:30  Dark Templar  
  47  11:36  Void Ray (Chrono Boost)  
  33  12:15  Stalker  
  33  12:16  Stalker  
  33  12:20  Dark Templar  
  29  12:48  Dark Templar  
  29  12:49  Dark Templar  
  33  12:52  Void Ray (Chrono Boost)  
  35  13:10  Stalker  
  33  13:26  Zealot x2  
  37  13:27  Zealot  
  27  13:57  Zealot x2  
  27  14:01  Sentry  
  33  14:14  Zealot  
  27  14:24  Zealot  
Show
View Real Time Build Order
Export as new Build Order

Miltreta Terran - Winner!

Build Orders:  

Get SALT Encoding   

  12  0:01  SCV  
  13  0:13  SCV  
  14  0:23  Supply Depot  
  14  0:26  SCV  
  15  0:35  Refinery  
  15  0:44  Supply Depot  
  15  0:50  Barracks  
  15  0:54  SCV  
  16  1:02  Supply Depot  
  16  1:08  SCV  
  17  1:21  SCV  
  18  1:39  Marine  
  19  1:55  SCV  
  19  1:57  Marine  
  21  2:02  Factory  
  21  2:08  Orbital Command  
  21  2:27  Barracks Tech Lab  
  21  2:33  Command Center  
  21  2:34  SCV  
  22  2:46  Supply Depot  
  22  2:48  Refinery  
  22  3:06  SCV, Barracks Reactor  
  23  3:26  SCV  
  23  3:27  Starport  
  24  3:30  Siege Tank  
  27  3:38  SCV  
  28  3:49  SCV  
  28  3:51  Marine x2  
  31  4:00  Bunker  
  31  4:02  Orbital Command  
  31  4:15  Starport Reactor  
  31  4:17  Marine x2  
  31  4:19  Siege Tank  
  36  4:27  SCV  
  36  4:28  SCV  
  36  4:29  Barracks  
  33  5:05  Marine x2  
  35  5:07  Siege Tank  
  35  5:08  Medivac  
  35  5:09  Medivac  
  42  5:23  Barracks Tech Lab  
  42  5:32  Barracks  
  42  5:35  Barracks  
  42  5:43  Factory  
  42  5:47  SCV, Armory  
  42  5:48  SCV  
  36  6:17  Siege Tank  
  39  6:26  Marauder  
  39  6:31  Factory Tech Lab  
  41  6:36  Refinery  
  41  6:37  Marine x2  
  41  6:39  Refinery  
  43  6:42  Barracks Reactor x2  
  43  6:59  Concussive Shells  
  43  7:02  Terran Vehicle Weapons Level 1  
  43  7:05  Liberator, Marine x2  
  45  7:10  SCV x2  
  50  7:38  Command Center  
  50  7:43  Siege Tank  
  53  7:45  Marine  
  54  7:53  Supply Depot x2  
  54  7:54  Supply Depot  
  54  7:57  Supply Depot  
  54  8:02  Supply Depot  
  54  8:04  Supply Depot  
  54  8:05  Supply Depot  
  54  8:15  Marine x5, Siege Tank  
  62  8:34  Marine  
  62  8:35  Marine x4  
  62  8:36  Marine  
  68  9:15  Liberator x2  
  68  9:16  Engineering Bay  
  63  9:29  Siege Tank  
  63  9:30  Thor  
  72  9:33  Marine x2  
  72  9:34  Marine x3  
  72  9:35  Marine  
  72  9:36  Marauder  
  86  9:39  Stimpack  
  86  9:56  SCV x2  
  88  10:12  Missile Turret  
  73  10:52  Medivac x2  
  72  11:36  Marine x4  
  72  11:37  Marine x2  
  72  11:39  Combat Shields  
  68  12:13  Marine x6  
  68  12:15  Marauder, Siege Tank x2  
  72  12:54  Marine x5  
  72  12:56  Marine x2  
Tags
 
Add a new tag
Caveats
  • Supply blocks, unpowered buildings, or Contaminate may cause inaccurate times.
  • Supply counts are checked every 10 seconds.